AoeStats
← La piraña de aguas profundas

Arabia

510077580Analyzed
1v1 RM · 21d ago on Sep 29, 2026· 47m 32s· 2 players
Game mode
Random Map
Map size
Tiny (2 player)
Population
200
Speed
Normal
Resources
Standard
Victory
Conquest
Starting age
Dark Age
Ending age
Imperial Age
RankedLock teamsTeams togetherTeam positionsShared explorationLock speedFull tech treeHidden civsTurbo modeCheats
Victory
Defeat
🇬🇧 Saxons · United Kingdom
1681
+13
vs
1614
-13
La piraña de aguas profundas
6:58 Loom
9:16 Feudal Age
9:20 Man-at-Arms
13:08 Double-Bit Axe
17:20 Fletching
18:58 Arson
24:57 Castle Age
23:31 Padded Archer Armor
24:32 Gold Mining
25:02 Scale Mail Armor
25:07 Crossbowman
25:43 Bodkin Arrow
26:45 Leather Archer Armor
27:56 Bow Saw
32:38 Wheelbarrow
40:36 Imperial Age
41:06 Imperial Age
43:35 Bracer
Jackdaw
5:54 Loom
5:59 Loom
9:01 Feudal Age
10:19 Double-Bit Axe
21:33 Castle Age
20:43 Horse Collar
21:06 Fletching
21:45 Padded Archer Armor
22:26 Bodkin Arrow
22:43 Crossbowman
24:53 Bow Saw
26:31 Wheelbarrow
27:08 Leather Archer Armor
27:32 Gold Mining
29:55 Thumb Ring
30:50 Ballistics
30:21 Town Watch
35:22 Masonry
35:53 Gold Shaft Mining
35:09 Stone Mining
35:51 Heavy Plow
41:22 Imperial Age
41:48 Hand Cart
42:20 Bracer
42:50 Ring Archer Armor
43:22 Chemistry
41:53 Cranequins
43:07 Bloodlines
42:58 Husbandry
46:35 Heavy Mounted Crossbowman
Connection lost

Rejoining the realm…

Still unreachable

The connection could not be restored.

Session expired

The server has moved on; the page needs a fresh start.